Map: [ESL] Oceanborn

Players

MaxPax - Winner!

  • Race: Protoss Protoss
  • Spawn Location: 5:00

Spirit

  • Race: Terran Terran
  • Spawn Location: 11:00

Event: ESL SC2 Masters 2024 Spring (Regional)

VOD

Have the link to the VOD?

Description

Time

  • Played on: May 4, 2024, 11:10 a.m.
  • Length: 9:47

All games in this series

Show
View Real Time Build Order
Export as new Build Order

MaxPax Protoss - Winner!

Build Orders: 1 Gate Expand, Blink Stalkers 

Get SALT Encoding   

  12  0:00  Probe  
  13  0:12  Probe  
  14  0:16  Pylon  
  14  0:24  Probe (Chrono Boost)  
  15  0:35  Gateway  
  15  0:36  Probe (Chrono Boost)  
  16  0:44  Probe (Chrono Boost)  
  16  0:45  Assimilator  
  17  0:50  Probe  
  18  1:03  Probe  
  19  1:15  Probe  
  20  1:22  Cybernetics Core  
  20  1:31  Nexus  
  20  1:34  Probe  
  21  1:40  Pylon  
  21  1:46  Probe  
  22  1:48  Assimilator  
  22  1:55  Adept (Chrono Boost)  
  22  1:58  Probe  
  22  2:00  Warp Gate  
  25  2:10  Probe  
  26  2:15  Adept (Chrono Boost)  
  26  2:22  Probe  
  29  2:25  Twilight Council  
  29  2:34  Probe  
  30  2:42  Stalker, Probe  
  33  2:46  Probe  
  34  2:54  Gateway  
  34  2:55  Probe  
  34  2:56  Blink (Chrono Boost)  
  35  2:58  Probe  
  36  3:07  Probe  
  36  3:10  Probe  
  38  3:19  Probe  
  39  3:21  Robotics Facility  
  39  3:22  Probe  
  39  3:25  Gateway  
  40  3:31  Probe  
  41  3:35  Probe  
  41  3:38  Pylon  
  42  3:47  Probe x2  
  42  3:48  Pylon  
  44  3:49  Stalker  
  46  3:59  Probe  
  48  4:03  Stalker  
  48  4:07  Warp Prism (Chrono Boost)  
  51  4:20  Stalker  
  51  4:21  Stalker  
  53  4:26  Stalker  
  53  4:30  Nexus  
  55  4:32  Pylon  
  55  4:34  Observer (Chrono Boost)  
  55  4:35  Probe x2  
  58  4:44  Assimilator  
  58  4:45  Stalker x2  
  62  4:51  Probe x2  
  64  4:56  Pylon  
  64  5:03  Probe  
  64  5:04  Forge, Probe  
  66  5:11  Shield Battery  
  64  5:15  Probe  
  64  5:17  Probe  
  64  5:19  Stalker  
  64  5:20  Stalker x2  
  69  5:27  Probe (Chrono Boost)  
  68  5:29  Probe (Chrono Boost)  
  68  5:39  Probe (Chrono Boost)  
  68  5:41  Probe (Chrono Boost)  
  70  5:45  Observer, Shield Battery  
  70  5:46  Probe x2 (Chrono Boost)  
  70  5:47  Probe (Chrono Boost)  
  70  5:48  Charge  
  74  5:55  Probe (Chrono Boost)  
  77  5:58  Probe (Chrono Boost)  
  77  5:59  Probe (Chrono Boost)  
  77  6:00  Probe (Chrono Boost)  
  78  6:05  Protoss Ground Weapons Level 1 (Chrono Boost), Probe  
  78  6:07  Probe  
  78  6:09  Probe  
  81  6:17  Probe, Gateway  
  82  6:19  Probe, Gateway  
  82  6:21  Gateway x2  
  82  6:22  Gateway  
  83  6:27  Probe  
  83  6:30  Probe  
  83  6:32  Probe  
  85  6:35  Sentry  
  85  6:36  Zealot x2, Shield Battery  
  85  6:39  Probe  
  92  6:43  Probe  
  92  6:45  Robotics Bay  
  93  6:47  Assimilator  
  93  6:51  Pylon  
  93  6:54  Pylon  
  93  6:59  Pylon  
  93  7:06  Immortal (Chrono Boost)  
  93  7:09  Pylon, Probe  
  93  7:13  Pylon  
  93  7:14  Stalker x2  
  102  7:16  Zealot x3  
  108  7:31  Nexus  
  108  7:32  Zealot x3  
  108  7:33  Pylon  
  108  7:36  Colossus (Chrono Boost)  
  119  7:48  Pylon  
  119  7:50  Zealot x3, Sentry  
  127  7:52  Extended Thermal Lance  
  127  7:59  Shield Battery  
  127  8:02  Pylon  
  127  8:10  Zealot x4  
  133  8:19  Colossus (Chrono Boost)  
  133  8:21  Zealot x3  
  145  8:30  Zealot  
  132  8:41  Zealot x7  
  146  8:51  Gateway  
  146  8:54  Gateway  
  146  8:55  Zealot  
  140  8:58  Colossus (Chrono Boost)  
  140  9:02  Zealot x5  
  156  9:11  Zealot x2  
  152  9:19  Zealot  
  144  9:25  Zealot x3, Sentry  
  150  9:39  Gateway  
  150  9:42  Pylon  
  150  9:43  Zealot x3  
Show
View Real Time Build Order
Export as new Build Order

Spirit Terran 

Build Orders: Cyclone Opening 

Get SALT Encoding   

  12  0:00  SCV  
  13  0:12  SCV  
  14  0:17  Supply Depot  
  14  0:24  SCV  
  15  0:38  SCV  
  15  0:41  Barracks  
  16  0:43  Refinery  
  16  0:50  SCV  
  17  1:02  SCV  
  18  1:15  SCV  
  19  1:28  Orbital Command, Marine  
  20  1:38  Command Center  
  20  1:49  Factory  
  20  1:54  SCV  
  21  1:59  Supply Depot  
  21  2:02  Barracks Reactor  
  21  2:06  SCV  
  22  2:10  Refinery  
  22  2:18  SCV  
  23  2:30  SCV  
  23  2:33  Cyclone  
  26  2:39  Marine x2  
  26  2:42  SCV  
  29  2:46  Starport  
  29  2:54  SCV  
  29  2:57  Marine x2  
  32  3:06  Factory Tech Lab  
  32  3:09  Orbital Command  
  32  3:10  SCV  
  33  3:15  Marine x2  
  33  3:19  Refinery  
  35  3:22  SCV  
  35  3:23  Medivac  
  39  3:34  SCV  
  39  3:35  SCV  
  39  3:36  Factory Tech Lab  
  39  3:39  Marine  
  41  3:41  Supply Depot, Marine  
  41  3:46  SCV  
  41  3:47  SCV  
  44  3:53  Supply Depot  
  44  3:58  SCV  
  44  3:59  SCV  
  44  4:01  Marine  
  45  4:03  Siege Tank  
  45  4:09  Cloaking Field  
  48  4:10  SCV  
  48  4:11  Banshee  
  48  4:15  SCV  
  48  4:17  Marine  
  53  4:22  SCV, Marine  
  56  4:28  SCV  
  56  4:34  SCV, Marine  
  56  4:35  Siege Tank  
  56  4:36  Bunker  
  61  4:40  SCV, Supply Depot  
  62  4:47  Supply Depot  
  62  5:01  SCV x2, Banshee, Marine x2  
  62  5:03  Supply Depot  
  66  5:13  SCV x2, Siege Tank  
  71  5:16  Barracks  
  71  5:17  Barracks  
  71  5:19  Marine x2  
  73  5:25  SCV x2  
  70  5:37  Marine x2  
  70  5:38  SCV  
  70  5:40  SCV  
  69  5:45  Siege Tank  
  75  5:52  SCV  
  75  5:54  Marine x2  
  75  5:55  Engineering Bay  
  75  5:57  Supply Depot  
  75  5:59  SCV  
  75  6:00  Starport Reactor  
  75  6:04  SCV  
  75  6:09  Barracks Tech Lab, Refinery  
  76  6:11  SCV  
  76  6:12  Marine  
  76  6:13  Stimpack  
  76  6:18  SCV, Marine  
  78  6:19  Supply Depot, Marauder  
  78  6:20  Supply Depot  
  78  6:24  SCV, Terran Infantry Weapons Level 1  
  83  6:29  Barracks  
  83  6:31  Barracks  
  83  6:35  Supply Depot  
  83  6:38  Combat Shield  
  83  6:40  SCV, Marine  
  83  6:41  Marine x3  
  83  6:42  Supply Depot  
  88  6:47  Medivac  
  88  6:48  Medivac  
  88  6:54  Supply Depot  
  92  6:57  Siege Tank  
  92  6:58  Marine  
  92  6:59  Marine x2  
  98  7:02  Supply Depot x2  
  98  7:05  Supply Depot  
  98  7:06  Marine  
  99  7:17  Marine x5  
  99  7:21  Medivac  
  106  7:24  Medivac, Marine  
  106  7:29  Supply Depot, Missile Turret  
  109  7:34  Siege Tank  
  109  7:35  Marine  
  109  7:36  Marine x3  
  116  7:39  Marine  
  116  7:42  Marine  
  118  7:46  Supply Depot  
  118  7:48  Supply Depot  
  118  7:53  Marine  
  118  7:54  Marine x3  
  118  7:57  Marine  
  123  8:01  Marine  
  123  8:10  Marine  
  123  8:11  Marine  
  123  8:12  Marine x2  
  126  8:15  Siege Tank, Marine  
  126  8:18  Marine  
  130  8:28  Marine  
  130  8:29  Medivac, Marine x2  
  130  8:30  Marine  
  130  8:33  Marine  
  135  8:36  Marine  
  126  8:46  Marine  
  126  8:47  Marine x2  
  126  8:51  Marine  
  126  8:52  Marine  
  123  8:55  Marine  
  108  9:04  Marine  
  108  9:05  Marine  
  108  9:06  Marine  
  95  9:12  Marine  
  91  9:21  Marine  
  91  9:22  Marine  
  91  9:27  Marine  
Tags
 
Add a new tag
Caveats
  • Supply blocks, unpowered buildings, or Contaminate may cause inaccurate times.
  • Supply counts are checked every 10 seconds.